 Dungeon Crawl Stone Soup version 0.17.2-1-ge4368a0 (webtiles) character file.

1577 ololoev the Chopper (level 8, -8/64 HPs)
             Began as a Demonspawn Fighter on Oct 26, 2016.
             Was an Initiate of Makhleb.
             Mangled by an orc warrior
             ... wielding a +0 trident
              (11 damage)
             ... on level 9 of the Dungeon.
             The game lasted 00:14:19 (1991 turns).

ololoev the Chopper (Demonspawn Fighter)            Turns: 1991, Time: 00:14:19

Health: -8/64      AC: 11    Str: 18    XL:     8   Next: 60%
Magic:  9/9        EV:  9    Int:  9    God:    Makhleb [......]
Gold:   152        SH:  4    Dex: 14    Spells: 0 memorised, 7 levels left

rFire  . . .     SeeInvis +     a - +1 war axe
rCold  . . .     Clarity  .     b - +0 scale mail
rNeg   . . .     SustAt   .     v - +0 buckler
rPois  .         Gourm    +     g - +2 helmet
rElec  .         Spirit   .     E - +0 cloak
rCorr  .         Warding  .     (no gloves)
rMut   .         Stasis   .     (no boots)
MR     +....                    m - amulet of the gourmand
Stlth  ..........               p - ring of see invisible
                                A - ring of protection from magic

@: somewhat resistant to hostile enchantments, extremely unstealthy
A: claws 1, powered by death 1
a: Renounce Religion


Innate Abilities, Weirdness & Mutations

You have sharp fingernails.
You regenerate a little health from kills.

Inventory:

Hand Weapons
 a - a +1 war axe (weapon)
Armour
 b - a +0 scale mail (worn)
 g - a +2 helmet (worn)
 v - a +0 buckler (worn)
 E - a +0 cloak (worn)
Jewellery
 d - an uncursed ring of fire
 m - an amulet of the gourmand (around neck)
 p - a ring of see invisible (right claw)
 r - an uncursed ring of teleportation
 A - a ring of protection from magic (left claw)
Wands
 u - a wand of disintegration (2)
 z - a wand of paralysis (10)
Scrolls
 n - 2 scrolls of teleportation
 o - 2 scrolls of fear
 s - a scroll of recharging {unknown}
 w - 2 scrolls of magic mapping {unknown}
 x - a scroll of enchant weapon
 y - a scroll of immolation {unknown}
 C - a scroll of vulnerability {unknown}
Potions
 i - 4 potions of curing
 j - 2 potions of flight
 l - a potion of cancellation
 q - 2 potions of heal wounds
 B - a potion of beneficial mutation {unknown}
 D - a potion of lignification {unknown}
Comestibles
 c - a beef jerky
 e - 3 bread rations
 f - 8 fruits
 h - 4 meat rations
 k - a slice of pizza


   Skills:
 + Level 6.2 Fighting
 * Level 6.8 Axes
 + Level 5.2 Armour
 - Level 2.6 Shields
 + Level 2.3 Invocations
 - Level 2.4 Evocations


You had 7 spell levels left.
You didn't know any spells.


You were on level 9 of the Dungeon.
You worshipped Makhleb.
Makhleb was noncommittal.
You were not hungry.

You visited 1 branch of the dungeon, and saw 9 of its levels.

You collected 242 gold pieces.
You spent 90 gold pieces at shops.

#..# # #.# #..# # #.#
#..# # #.# #..# # #.#
#..# # #.# #..# # #.#
#..# #
#..######o#####..# #
#......@.O....)).# #
#.............)..#######
........................
..........####........o$
..........# #..########
#.........# #..# #
#..)......# #..# #
#[........# #..# # #

Notes
Turn   | Place    | Note
--------------------------------------------------------------
     0 | D:1      | ololoev the Demonspawn Fighter began the quest for the Orb.
     0 | D:1      | Reached XP level 1. HP: 18/18 MP: 1/1
   144 | D:1      | Gained mutation: You regenerate a little health from kills. [demonic ancestry]
   144 | D:1      | Reached XP level 2. HP: 16/24 MP: 2/2
   311 | D:4      | Found a bloodstained altar of Trog.
   312 | D:4      | Found Jegruhy's Distillery.
   329 | D:4      | Reached XP level 3. HP: 19/29 MP: 3/3
   357 | D:4      | Found a sparkling altar of Nemelex Xobeh.
   373 | D:4      | Reached XP level 4. HP: 35/35 MP: 4/4
   397 | D:4      | Bought a potion of poison for 10 gold pieces
   397 | D:4      | Bought a potion of curing for 30 gold pieces
   397 | D:4      | Bought a potion of heal wounds for 50 gold pieces
   443 | D:3      | Found a white marble altar of Elyvilon.
   457 | D:5      | Entered Level 5 of the Dungeon
   541 | D:5      | Reached XP level 5. HP: 31/42 MP: 5/5
   636 | D:5      | Reached skill level 4 in Axes
   741 | D:5      | Noticed an ogre
   758 | D:5      | Killed an ogre
   758 | D:5      | Gained mutation: You have sharp fingernails. [demonic ancestry]
   758 | D:5      | Reached XP level 6. HP: 28/48 MP: 6/6
   786 | D:5      | Noticed Dowan
   787 | D:5      | Noticed Duvessa
   804 | D:5      | Killed Dowan
   817 | D:5      | Killed Duvessa
   817 | D:5      | Reached skill level 5 in Axes
  1070 | D:6      | Found a radiant altar of Vehumet.
  1081 | D:6      | Noticed Prince Ribbit
  1085 | D:6      | Reached XP level 7. HP: 36/55 MP: 7/7
  1229 | D:7      | Got an iridescent flail
  1231 | D:7      | Identified the +4 flail of Discomfort {freeze, *Confuse rElec rPois MR+} (You found it on level 7 of the Dungeon)
  1309 | D:7      | Reached skill level 1 in Evocations
  1324 | D:7      | Reached skill level 5 in Fighting
  1382 | D:7      | Reached skill level 6 in Axes
  1401 | D:7      | Reached XP level 8. HP: 40/63 MP: 9/9
  1432 | D:7      | Found a glowing golden altar of the Shining One.
  1586 | D:6      | Found an opulent altar of Gozag.
  1587 | D:6      | Found a snail-covered altar of Cheibriados.
  1589 | D:6      | Found a burning altar of Makhleb.
  1594 | D:6      | Became a worshipper of Makhleb the Destroyer
  1730 | D:8      | Reached skill level 1 in Invocations
  1745 | D:8      | Reached skill level 5 in Armour
  1990 | D:9      | HP: 2/64 [ogre/giant spiked club (15)]
  1991 | D:9      | Mangled by an orc warrior

Dungeon Overview and Level Annotations

Branches:
Dungeon (9/15)
 Temple: D:4-7         Lair: D:8-11         Orc: D:9-12

Altars:
Cheibriados
Elyvilon
Gozag
Makhleb
Nemelex Xobeh
Trog
Vehumet
The Shining One

Shops:
D:4 !

Annotations:
D:6 Prince Ribbit


Message History

The ogre hits you with a giant spiked club!!
The orc warrior hits you but does no damage.
The orc closely misses you.
Unknown command.
The orc warrior hits you from afar with a trident.
You slash the orc!
You kill the orc!
Makhleb accepts your kill.
You barely miss the orc wizard. You block the orc warrior's attack.
Unknown command.
Unknown command.
You slash the orc wizard!
The orc wizard is heavily wounded.
You barely miss the orc. The orc wizard barely misses you.
The orc barely misses you. The orc warrior closely misses you.
Unknown command.
You hit the orc wizard.
The orc wizard is almost dead.
You slash the orc!
You kill the orc!
Makhleb accepts your kill.
The orc wizard gestures wildly while chanting.
The orc wizard flickers and vanishes for a moment.
The orc warrior hits you from afar with a trident.
You slash the orc wizard!
You kill the orc wizard!
Makhleb accepts your kill.
The orc warrior hits you but does no damage.
Unknown command.
Found a hand axe.
Found a chain mail.
You slash the ogre!
The ogre is severely wounded.
The ogre hits you with a giant spiked club.
The orc warrior hits you from afar with a trident!
You hit the ogre.
The ogre is severely wounded.
The ogre hits you with a giant spiked club!
The orc warrior hits you from afar with a trident!
You die...

You could see an orc warrior and an ogre.

Vanquished Creatures
  A hippogriff (D:8)
  Duvessa (D:5)
  An orc warrior (D:7)
  2 ogres
  2 centaurs (D:7)
  A giant frog (D:6)
  Dowan (D:5)
  4 wights (D:7)
  2 hounds (D:7)
  3 orc priests
  A jelly (D:8)
  3 centaur zombies
  3 orc wizards
  A centaur skeleton (D:4)
  3 worker ants
  An iguana (D:6)
  A hound skeleton (D:9)
  7 adders
  7 gnolls
  An ooze (D:2)
  An adder zombie (D:7)
  A giant gecko (D:7)
  13 orcs
  2 bats
  2 hobgoblins
  10 jackals
  5 quokkas
  A ball python (D:6)
  2 giant cockroaches (D:1)
  2 giant newts (D:1)
  3 goblins
  A jackal zombie (D:5)
  4 kobolds
  A quokka skeleton (D:5)
  2 rats
96 creatures vanquished.

Action                   |  1- 3 |  4- 6 |  7- 9 || total
-------------------------+-------+-------+-------++-------
Melee: War axe           |    64 |   114 |   162 ||   340
Evoke: Wand              |       |     2 |     4 ||     6
  Use: Potion            |     1 |     5 |     4 ||    10
       Scroll            |       |     6 |     1 ||     7
  Eat: Chunk             |       |     1 |     5 ||     6

Vault maps used:
D:1:      dpeg_arrival_orchard
D:2:      grunt_ministairs_2
D:3:      grunt_temple_overflow_growth_and_decay,
          nicolae_overflow_hidden_temple, lemuel_coloured_pillars_altar
D:4:      bloody_trog, nemelex_deck, minmay_temple_entry_fiery, serial_shops,
          shop, first_bread, minmay_misc_feat_rows, uniq_grinder
D:5:      kennysheep_cross_room, uniq_duvessa
D:6:      vehumet_crystals, gammafunk_temple_overflow_forgotten,
          nicolae_benzene_ring, uniq_prince_ribbit1
D:7:      kennysheep_mini_moat, minmay_misc_feat_doors, grunt_ministairs_14,
          grunt_ogre_cave, grunt_dithmenos_smoke
D:9:      nicolae_ashenzari_panopticon
